 Dungeon Crawl Stone Soup version 0.29-a0-834-g1e95ca9f62 (webtiles) character file.

Game seed: 18416570903989035907

84 buhh the Insei (level 4, -1/29 HPs)
             Began as an Octopode Transmuter on July 12, 2022.
             Slain by a hobgoblin (2 damage)
             ... led by Robin
             ... on level 2 of the Dungeon.
             The game lasted 00:01:33 (2009 turns).

buhh the Insei (Octopode Transmuter)                Turns: 2009, Time: 00:01:34

Health: -1/29      AC:  1    Str:  9    XL:     4   Next: 45%
Magic:  7/7        EV: 13    Int: 17    God:
Gold:   96         SH:  0    Dex: 12    Spells: 6/7 levels left

rFire   . . .      SeeInvis .     - Unarmed
rCold   . . .      Faith    .   (no shield)
rNeg    . . .      Spirit   .   (helmet restricted)
rPois   .          Reflect  .   (no amulet)
rElec   .          Harm     .   (no ring)
rCorr   .          Rampage  .   (no ring)
Will    .....                   (no ring)
Stlth   +++.......              (no ring)
HPRegen 0.09/turn               (no ring)
MPRegen 0.10/turn               (no ring)
                                (no ring)
                                (no ring)

@: no status effects
A: almost no armour, amphibious, 8 rings, camouflage 1, gelatinous body 1,
(nimble swimmer 1), tentacles
a: no special abilities


You were on level 2 of the Dungeon.
You visited 1 branch of the dungeon, and saw 2 of its levels.

You collected 96 gold pieces.

Inventory:

Scrolls
 a - a scroll of teleportation {unknown}
 c - a scroll of enchant armour {unknown}
 f - 3 scrolls of identify {unknown}
 g - a scroll of blinking {unknown}
 j - a scroll of magic mapping {unknown}
 k - 3 scrolls of vulnerability {unknown}
 l - a scroll of brand weapon {unknown}
Potions
 b - a potion of mutation {unknown}
 d - a potion of curing {unknown}
 e - a potion of degeneration {unknown}
 h - a potion of invisibility {unknown}
 i - a potion of cancellation {unknown}
 n - a potion of lignification {!d}


   Skills:
 + Level 2.2 Fighting
 + Level 2.8 Dodging
 - Level 2.0 Stealth
 + Level 3.6 Unarmed Combat
 - Level 2.0 Spellcasting
 - Level 2.0 Transmutations
 - Level 1.0 Poison Magic


You had 6 spell levels left.
You knew the following spells:

 Your Spells              Type           Power      Damage    Failure   Level
a - Beastly Appendage     Tmut           16%        N/A       9%          1

Your spell library contained the following spells:

 Spells                   Type           Power      Damage    Failure   Level
 Wereblood                Tmut           8%         N/A       13%         2
 Blink                    Tloc           2%         N/A       28%         2
 Spider Form              Tmut/Pois      6%         N/A       30%         3
 Tukima's Dance           Hex            1%         N/A       50%         3
 Ice Form                 Ice/Tmut       5%         N/A       77%         4
 Passage of Golubria      Tloc           1%         N/A       88%         4
 Yara's Violent Unravell  Hex/Tmut       2%         3d3       98%         5
 Manifold Assault         Tloc           1%         N/A       99%         5
 Storm Form               Tmut/Air       2%         N/A       100%        7


Dungeon Overview and Level Annotations

Branches:
Dungeon (2/15) Zot: 9995

Altars:


Innate Abilities, Weirdness & Mutations

You cannot wear most types of armour.
You are amphibious.
You can wear up to eight rings at the same time.
Your skin changes colour to match your surroundings (Stealth+).
Your rubbery body absorbs attacks. (AC +1, EV +1)
((You are camouflaged when in or above water. (Stealth+)))
You have tentacles for arms and can constrict up to eight enemies at once.


Message History

* * * LOW HITPOINT WARNING * * *
The hobgoblin hits you but does no damage.
The goblin hits you but does no damage. x2
You barely miss the goblin.
The goblin is severely wounded.
The goblin no longer looks unusually strong.
The hobgoblin completely misses you.
The hobgoblin hits you but does no damage.
The goblin barely misses you. The goblin hits you but does no damage.
You smack the goblin!
You kill the goblin!
The goblin hits you but does no damage.
The hobgoblin hits you but does no damage.
The goblin hits you but does no damage.
The hobgoblin hits you but does no damage.
You smack the ball python!
You kill the ball python!
The goblin hits you but does no damage. The hobgoblin hits you.
* * * LOW HITPOINT WARNING * * *
The goblin hits you but does no damage.
The hobgoblin hits you but does no damage.
You closely miss the goblin. The goblin hits you but does no damage.
The hobgoblin hits you but does no damage.
The goblin hits you but does no damage.
The hobgoblin hits you but does no damage.
You barely miss the goblin. The goblin hits you but does no damage.
The hobgoblin completely misses you. The goblin barely misses you.
The hobgoblin hits you but does no damage.
You smack the goblin!
You kill the goblin!
You hit the goblin.
You kill the goblin!
The hobgoblin hits you.
* * * LOW HITPOINT WARNING * * *
The hobgoblin hits you.
* * * LOW HITPOINT WARNING * * *
You barely miss the hobgoblin.
You feel less wooden. The hobgoblin completely misses you.
The hobgoblin hits you.
You die...

##.♣
P######.#####
#. .
#.......#
#.......#
#.......#
#.......#
#.......# .
#..†....#
####....
#..g)...#
........
#..)@...#
#####...
......g)...#
..#J##.#####
. #. #.# #.
#.# .. .. ...


You could see an endoplasm and 2 hobgoblins.

Vanquished Creatures
  Robin (D:2)
  An adder (D:2)
  A worm (D:2)
  2 dart slugs (D:2)
  4 ball pythons
  6 endoplasms
  2 giant cockroaches
  13 goblins
  7 hobgoblins
  3 kobolds
  A quokka (D:2)
  3 bats
  3 frilled lizards
  4 rats
51 creatures vanquished.

Vanquished Creatures (others)
  4 plants (D:2)
4 creatures vanquished.

Grand Total: 55 creatures vanquished

Notes
Turn   | Place    | Note
-------+----------+-------------------------------------------
     0 | D:1      | buhh the Octopode Transmuter began the quest for the Orb.
     0 | D:1      | Reached XP level 1. HP: 13/13 MP: 3/3
    83 | D:1      | Found a faded altar of an unknown god.
   157 | D:1      | Reached skill level 1 in Stealth
   322 | D:1      | Reached XP level 2. HP: 16/18 MP: 3/5
   532 | D:1      | Reached skill level 1 in Poison Magic
  1303 | D:1      | Reached XP level 3. HP: 23/23 MP: 4/6
  1979 | D:2      | Noticed Robin
  1988 | D:2      | Killed Robin
  1989 | D:2      | Reached XP level 4. HP: 27/29 MP: 7/7
  2008 | D:2      | HP: 2/43 [hobgoblin[Robin] (3)]
  2009 | D:2      | Slain by a hobgoblin

Illustrated notes

Levels and vault maps discovered:
D:1:      lightli_arrival_lavapool, layout_basic, basic_ecumenical_altar
D:2:      layout_basic, serial_forest, infiniplex_forest_lined_room_,
          infiniplex_forest_end_2, infiniplex_forest_clump_diagonal,
          infiniplex_forest_clump_cross, infiniplex_forest_straight_3,
          infiniplex_forest_corner_1, infiniplex_forest_clump_C,
          infiniplex_forest_zigzag_2, uniq_robin, uniq_terence

Skill      XL: |  1  2  3 |
---------------+----------+-----
Stealth        | 1 2 |  2.0
Poison Magic   | 1 |  1.0
Fighting       | 2 |  2.2
Dodging        | |  2.8
Unarmed Combat | |  3.6
Spellcasting   | |  2.0
Transmutations | |  2.0

Action                   |  1- 3 |  4- 6 || total
-------------------------+-------+-------++-------
Melee: Unarmed           |    68 |    21 ||    89
       Kick              |    24 |       ||    24
       Constrict         |    22 |       ||    22
       Tentacles         |    10 |       ||    10
       Punch             |     1 |       ||     1
 Cast: Beastly Appendage |    29 |       ||    29
  Use: Scroll            |     1 |       ||     1
       Potion            |     1 |       ||     1
 Stab: Sleeping          |     5 |       ||     5
Armor: Skin              |    10 |    51 ||    61
Dodge: Dodged            |    30 |     9 ||    39

Table legend: (Time is in decaauts)
 A = Elapsed time spent in this place.
 B = Non-inter-level travel time spent in this place.
 C = Inter-level travel time spent in this place.
 D = Time resting spent in this place.
 E = Time spent auto-exploring this place.
 F = Levels seen in this place.
 G = Mean time per level.
                   A        B        C        D        E       F      G
               +--------+--------+--------+--------+--------+-----+--------+
         Total |   2003 |   1945 |     58 |      0 |   1660 |   2 | 1001.5 |
       Dungeon |   2003 |   1945 |     58 |      0 |   1660 |   2 | 1001.5 |
               +--------+--------+--------+--------+--------+-----+--------+

Top non-repeatable levels by time:
     D:1: 1425 daAuts
     D:2: 578 daAuts
